 Dungeon Crawl Stone Soup version 0.21-a0-273-g0785366 (webtiles) character file.

833 tilp the Firebug (level 7, 0/50 HPs)
             Began as a Hill Orc Fire Elementalist on Sept 17, 2017.
             Slain by a steam dragon (2 damage)
             ... on level 5 of the Dungeon.
             The game lasted 00:10:45 (4971 turns).

tilp the Firebug (Hill Orc Fire Elementalist)       Turns: 4971, Time: 00:10:46

Health: 0/50       AC:  3    Str: 11    XL:     7   Next: 98%
Magic:  9/12       EV: 12    Int: 17    God:
Gold:   250        SH:  0    Dex: 11    Spells: 3/13 levels left

rFire    . . .     SeeInvis .   a - +2 hand axe (flame)
rCold    . . .     Gourm    .   (no shield)
rNeg     . . .     Faith    .   d - +0 robe
rPois    .         Spirit   .   (no helmet)
rElec    .         Reflect  .   J - scarf {repulsion}
rCorr    .         Harm     .   y - +0 pair of gloves
MR       .....                  (no boots)
Stlth    ++........             (no amulet)
HPRegen  0.16/turn              (no ring)
MPRegen  0.13/turn              (no ring)

@: repel missiles
A: no striking features
a: no special abilities


You were on level 5 of the Dungeon.
You were not hungry.

You visited 1 branch of the dungeon, and saw 5 of its levels.

You collected 250 gold pieces.

Inventory:

Hand Weapons
 a - a +2 hand axe of flaming (weapon)
 m - a +0 dagger
 o - a +0 club
 E - a +0 scimitar
Missiles
 f - 34 sling bullets
 h - 235 stones
 s - 8 tomahawks (quivered)
Armour
 d - a +0 robe (worn)
 v - a cursed +0 ring mail
 y - a +0 pair of gloves (worn)
 J - a scarf of repulsion (worn)
Jewellery
 u - an uncursed amulet of guardian spirit {unknown}
 G - a cursed ring of loudness {unknown}
Scrolls
 g - a scroll of noise {unknown}
 i - 2 scrolls of random uselessness {unknown}
 j - a scroll of amnesia {unknown}
 p - 2 scrolls of teleportation {unknown}
 r - 7 scrolls of identify {unknown}
 t - a scroll of recharging {unknown}
 w - 2 scrolls of fog {unknown}
 z - a scroll of remove curse {unknown}
 B - a scroll of enchant armour {unknown}
 I - a scroll of enchant weapon {unknown}
Potions
 e - 2 potions of curing
 k - a potion of heal wounds {unknown}
 n - 2 potions of degeneration {unknown}
 x - 2 potions of ambrosia {unknown}
 A - a potion of invisibility {unknown}
 D - a potion of haste {unknown}
 F - a potion of lignification {unknown}
Books
 b - a book of Flames

   Spells                             Type                      Level
   a - Flame Tongue                   Conjuration/Fire             1
   b - Throw Flame                    Conjuration/Fire             2
   c - Conjure Flame                  Conjuration/Fire             3
   d - Inner Flame                    Hexes/Fire                   3
   e - Sticky Flame                   Conjuration/Fire             4
   f - Fireball                       Conjuration/Fire             5
 C - a book of Changes

   Spells                             Type                      Level
   a - Beastly Appendage              Transmutation                1
   b - Sticks to Snakes               Transmutation                2
   c - Spider Form                    Transmutation/Poison         3
   d - Ice Form                       Ice/Transmutation            4
   e - Blade Hands                    Transmutation                5
Comestibles
 c - 3 bread rations
 l - 4 fruits
 q - a meat ration


   Skills:
 - Level 1.5 Dodging
 - Level 1.5 Stealth
 + Level 3.9 Spellcasting
 + Level 5.3 Conjurations
 + Level 6.2 Fire Magic


You had 3 spell levels left.
You knew the following spells:

 Your Spells              Type           Power        Failure   Level  Hunger
a - Flame Tongue          Conj/Fire      ###..        1%          1    None
b - Throw Flame           Conj/Fire      ###...       2%          2    ##.....
c - Conjure Flame         Conj/Fire      ###.....     4%          3    ###....
d - Sticky Flame          Conj/Fire      ###.....     14%         4    ####...


Dungeon Overview and Level Annotations

Branches:
Dungeon (5/15)
 Temple: D:4-7

Altars:
Cheibriados
Makhleb


Message History

The steam dragon bites you! The steam dragon barely misses you.
You barely miss the steam dragon.
The steam dragon is moderately wounded.
The steam dragon is engulfed in blazing flames.
The steam dragon breathes steam at you. The ball of steam hits you!
Ouch! That really hurt!
* * * LOW HITPOINT WARNING * * *
The steam dragon is engulfed in blazing flames.
You kill the steam dragon!
Your Fire Magic skill increases to level 6!
You feel better.
You are engulfed in a cloud of scalding steam.
* * * LOW HITPOINT WARNING * * *
You hit the steam dragon but do no damage.
The steam dragon is engulfed in blazing flames.
The steam dragon bites you!
* * * LOW HITPOINT WARNING * * *
The steam dragon claws you.
You die...

######.#.# .......#.#
#### ...###.#.#
#...### .#.#..<#.#
#..§.. .#.#...#.##
#....# .......#.#.
+..§§#
#..###.#.#.##...§#
.........#..#.##.#
###....####.#.##@# #
######........##D###.#
...≈ ########.....§§§#
#.. #########PD... ...
. ##### ##########
#...# #####.........
#.#.#


You could see a steam dragon.

Vanquished Creatures
  A steam dragon (D:5)
  Edmund (D:4)
  A phantom (D:5)
  A centaur (D:5)
  2 hounds (D:4)
  A bullfrog skeleton (D:5)
  2 iguanas (D:5)
  4 orc wizards (D:4)
  A worker ant (D:4)
  A hound skeleton (D:4)
  6 adders
  2 oozes
  2 worms
  2 dart slugs
  2 leopard geckos
  8 orcs
  A giant cockroach (D:2)
  3 goblins
  3 hobgoblins
  2 jackals (D:3)
  2 quokkas
  A ball python (D:1)
  8 bats
  6 frilled lizards
  4 kobolds
  5 rats
72 creatures vanquished.

Vanquished Creatures (others)
  A fungus (D:5)
  4 toadstools (D:1)
5 creatures vanquished.

Grand Total: 77 creatures vanquished

Notes
Turn   | Place    | Note
-------+----------+-------------------------------------------
     0 | D:1      | tilp the Hill Orc Fire Elementalist began the quest for the Orb.
     0 | D:1      | Reached XP level 1. HP: 14/14 MP: 3/3
   243 | D:1      | Reached XP level 2. HP: 16/20 MP: 2/4
   845 | D:2      | Learned a level 2 spell: Throw Flame
   943 | D:2      | Reached XP level 3. HP: 24/26 MP: 5/5
  1843 | D:3      | Reached XP level 4. HP: 33/33 MP: 4/7
  2569 | D:4      | Reached skill level 4 in Fire Magic
  2733 | D:4      | Found a snail-covered altar of Cheibriados.
  2979 | D:4      | Reached XP level 5. HP: 36/38 MP: 8/8
  3024 | D:4      | Learned a level 3 spell: Conjure Flame
  3353 | D:4      | Noticed Edmund
  3621 | D:4      | Reached XP level 6. HP: 34/45 MP: 8/10
  3819 | D:4      | Found a burning altar of Makhleb.
  3953 | D:4      | Killed Edmund
  3953 | D:4      | Reached skill level 5 in Fire Magic
  3953 | D:4      | Reached XP level 7. HP: 45/50 MP: 4/11
  4145 | D:5      | Entered Level 5 of the Dungeon
  4190 | D:5      | Learned a level 4 spell: Sticky Flame
  4536 | D:5      | Reached skill level 5 in Conjurations
  4956 | D:5      | Noticed a steam dragon
  4958 | D:5      | Noticed a steam dragon
  4969 | D:5      | Killed a steam dragon
  4969 | D:5      | Reached skill level 6 in Fire Magic
  4971 | D:5      | HP: 2/50 [steam dragon (7)]
  4971 | D:5      | Slain by a steam dragon

Vault maps used:
D:1:      ldierk_walled_garden_2
D:2:      first_bread
D:4:      kennysheep_little_box, kennysheep_slug_shrine, uniq_edmund
D:5:      kennysheep_steamy, minmay_misc_feat_ornament

Skill      XL: |  1  2  3  4  5  6  7 |
---------------+----------------------+-----
Conjurations   | 2 3 4 5 |  5.3
Spellcasting   | 2 3 |  3.9
Fire Magic     | 4 5 6 |  6.2
Dodging        | |  1.5
Stealth        | |  1.5

Action                   |  1- 3 |  4- 6 |  7- 9 || total
-------------------------+-------+-------+-------++-------
Melee: Whip              |     4 |       |       ||     4
       Dagger            |    12 |       |       ||    12
       Scimitar          |    35 |    70 |       ||   105
       Hand axe          |       |    10 |    21 ||    31
Throw: Tomahawk          |     4 |     6 |       ||    10
       Stone             |     2 |       |       ||     2
 Cast: Flame Tongue      |    18 |    31 |    16 ||    65
       Throw Flame       |       |     5 |       ||     5
       Conjure Flame     |       |     1 |     2 ||     3
       Sticky Flame      |       |       |     1 ||     1
  Use: Potion            |     1 |       |     1 ||     2
 Stab: Sleeping          |     1 |     2 |       ||     3
  Eat: Chunk             |     3 |     3 |     3 ||     9
       Meat ration       |       |     1 |       ||     1
Armor: Robe              |    15 |    26 |     1 ||    42
Dodge: Dodged            |    48 |    63 |    15 ||   126
       Rpst.: Scimitar   |    10 |    17 |       ||    27

Table legend:
 A = Spawn XP
 B = Non-spawn XP
 C = Spawn XP percentage of total XP
 D = Spawn monster count
 E = Non-spawn monster count
 F = Spawn count percentage of total count
 G = Total turns spent on level
                    A         B        C        D         E        F      G
               +---------+---------+-------+---------+---------+-------+---------
         Total |       0 |    1191 |   0.0 |       0 |      72 |   0.0 |  4971
               +---------+---------+-------+---------+---------+-------+---------
           D:1 |       0 |      13 |   0.0 |       0 |      10 |   0.0 |   753
           D:2 |       0 |      58 |   0.0 |       0 |      19 |   0.0 |   801
           D:3 |       0 |      44 |   0.0 |       0 |      11 |   0.0 |  1003
           D:4 |       0 |     526 |   0.0 |       0 |      23 |   0.0 |  1588
           D:5 |       0 |     550 |   0.0 |       0 |       9 |   0.0 |   826
               +---------+---------+-------+---------+---------+-------+---------
